 Dungeon Crawl Stone Soup version 0.32-a0-913-g739538afd8 (webtiles) character file.

Game seed: 11814955185680887599

3887 Autsider the Protected (level 10, -1/60 HPs)
             Began as a Gargoyle Earth Elementalist on Apr 9, 2024.
             Was a Believer of Vehumet.
             Slain by an orc warrior
             ... wielding a +0 scimitar
              (12 damage)
             ... on level 8 of the Dungeon.
             The game lasted 00:18:05 (8825 turns).

Autsider the Protected (GrEE)                       Turns: 8825, Time: 00:18:05

Health: -1/60      AC: 16    Str: 11    XL:     10   Next: 19%
Magic:  5/22       EV: 10    Int: 21    God:    Vehumet [**....]
Gold:   330        SH:  0    Dex: 10    Spells: 9/13 levels left

rFire   . . .        y - +1 whip (spect)
rCold   . . .        (no shield)
rNeg    + . .        i - +3 leather armour
rPois   ∞            c - +0 helmet
rElec   +            B - scarf {shadows}
rCorr   .            (no gloves)
SInv    .            (no boots)
Will    .....        (no amulet)
Stlth   ++           A - ring of magical power
HPRegen 0.30/turn    (no ring)
MPRegen 0.18/turn

%: no passive effects
@: no status effects
A: sickness immunity, AC +7, negative energy resistance 1, electricity
resistance, torment resistance 1, petrification resistance
a: Renounce Religion


You were on level 8 of the Dungeon.
You worshipped Vehumet.
Vehumet was pleased with you.
You visited 2 branches of the dungeon, and saw 9 of its levels.

You collected 330 gold pieces.

Inventory:

Hand Weapons
 g - a +0 whip
 o - a +0 spectral quarterstaff
 v - a +0 hand axe of flaming
 y - a +1 spectral whip (weapon)
 L - a +2 rapier of protection
Missiles
 x - a throwing net
 K - a curare-tipped dart
Armour
 a - a +0 robe
 c - a +0 helmet (worn)
 i - a +3 leather armour (worn)
 B - a scarf of shadows (worn)
 C - a +0 cloak
Jewellery
 A - a ring of magical power (left hand)
 D - a +6 ring of dexterity
 F - a +6 ring of strength
Wands
 n - a wand of light (10)
 p - a wand of paralysis (18)
 H - a wand of warping (14)
Scrolls
 e - a scroll of enchant weapon
 h - 3 scrolls of poison
 k - 2 scrolls of vulnerability
 l - 6 scrolls of teleportation {@r2}
 m - a scroll of torment
 q - a scroll of fear {unknown}
 r - 2 scrolls of brand weapon
 t - a scroll of summoning {unknown}
 w - a scroll of blinking {unknown}
 z - a scroll of fog {unknown}
 E - a scroll of noise {unknown}
 I - a scroll of enchant armour {unknown}
 J - a scroll of immolation {unknown}
Potions
 b - 2 potions of magic
 d - a potion of mutation {unknown}
 f - 3 potions of heal wounds {@q2}
 j - 3 potions of curing
 s - a potion of might {unknown}
 u - 3 potions of brilliance


   Skills:
 - Level 6.0 Fighting
 + Level 12.2 Armour
 - Level 1.5 Dodging
 - Level 2.1 Stealth
 - Level 2.0 Spellcasting
 - Level 4.0 Conjurations
 - Level 8.0 Earth Magic


You had 9 spell levels left.
You knew the following spells:

 Your Spells              Type           Power      Damage    Failure   Level
a - Sandblast             Erth           70%        2d15      1%          1
b - Stone Arrow           Conj/Erth      54%        3d10      4%          3

Your spell library contained the following spells:

 Spells                   Type           Power      Damage    Failure   Level
 Volatile Blastmotes      Fire/Tloc      4%         2d10      47%         3
 Passwall                 Erth           35%        N/A       1%          3
 Sting                    Conj/Alch      40%        1d5       8%          1
 Brom's Barrelling Bould  Conj/Erth      27%        2d5       16%         4
 Apportation              Tloc           4%         N/A       19%         1
 Freeze                   Ice            8%         1d3       19%         1
 Necrotise                Necr           8%         1d4       19%         1
 Summon Small Mammal      Summ           8%         N/A       19%         1
 Hailstorm                Conj/Ice       10%        3d6       24%         3
 Petrify                  Alch/Erth      18%        N/A       34%         4
 Frozen Ramparts          Ice            4%         1d1       47%         3
 Fugue of the Fallen      Necr           2%         N/A       47%         3
 Ozocubu's Armour         Ice            2%         N/A       47%         3
 Tukima's Dance           Hex            2%         N/A       47%         3
 Iskenderun's Mystic Bla Conj/Tloc 10%            2d4        (+2d2     61%         4
 Dimensional Bullseye     Hex/Tloc       1%         N/A       87%         4
 Manifold Assault         Tloc           1%         N/A       100%        7


Dungeon Overview and Level Annotations

Branches:
Dungeon (8/15)             Temple (1/1) D:4
   Lair: D:8-11

Altars:
Ashenzari
Cheibriados
Dithmenos
Elyvilon
Fedhas
Gozag
Hepliaklqana
Nemelex Xobeh
Okawaru
Qazlal
Ru
Sif Muna
Trog
Uskayaw
Vehumet
Xom
Zin
The Shining One

Shops:
D:4 [

Annotations:
D:1 exclusion: downstairs
D:3 exclusion: downstairs


Innate Abilities, Weirdness & Mutations

You are immune to sickness and miasma.
Your stone body is resilient. (AC +7)
You are immune to poison.
You resist negative energy. (rN+)
You are resistant to electric shocks. (rElec)
You are resistant to unholy torment.
You are immune to petrification.


Message History

The orc warrior hits you with a +0 scimitar!
* * * LOW HITPOINT WARNING * * *
Casting: Sandblast (safe; 1% risk of failure)
Confirm with . or Enter, or press ? or * to list all spells.
Aiming: Sandblast (safe; 1% risk of failure)
Press: ? - help, Shift-Dir - straight line, f/p - orc warrior
Aim: an orc warrior, wielding a +0 scimitar and wearing a +0 plate armour (84% to hit)
The blast of sand hits the orc warrior but does no damage.
The orc warrior barely misses you.
Casting: Sandblast (safe; 1% risk of failure)
Confirm with . or Enter, or press ? or * to list all spells.
Aiming: Stone Arrow (dangerous; 4% risk of failure)
Press: ? - help, Shift-Dir - straight line, f/p - orc warrior
Aim: an orc warrior, wielding a +0 scimitar and wearing a +0 plate armour (71% to hit)
The stone arrow misses the orc warrior.
The orc warrior hits you but does no damage.
Casting: Stone Arrow (dangerous; 4% risk of failure)
Confirm with . or Enter, or press ? or * to list all spells.
Aiming: Stone Arrow (dangerous; 4% risk of failure)
Press: ? - help, Shift-Dir - straight line, f/p - orc warrior
Aim: an orc warrior, wielding a +0 scimitar and wearing a +0 plate armour (71% to hit)
The stone arrow hits the orc warrior!
The orc warrior is heavily wounded.
The orc warrior completely misses you.
Casting: Stone Arrow (dangerous; 4% risk of failure)
Confirm with . or Enter, or press ? or * to list all spells.
Aiming: Stone Arrow (dangerous; 4% risk of failure)
Press: ? - help, Shift-Dir - straight line, f/p - orc warrior
Aim: an orc warrior, wielding a +0 scimitar and wearing a +0 plate armour (heavily wounded, 71% to hit)
The stone arrow misses the orc warrior.
The orc warrior hits you with a +0 scimitar!
* * * LOW HITPOINT WARNING * * *
Casting: Stone Arrow (dangerous; 4% risk of failure)
Confirm with . or Enter, or press ? or * to list all spells.
Aiming: Stone Arrow (dangerous; 4% risk of failure)
Press: ? - help, Shift-Dir - straight line, f/p - orc warrior
Aim: an orc warrior, wielding a +0 scimitar and wearing a +0 plate armour (heavily wounded, 71% to hit)
The stone arrow misses the orc warrior.
The orc warrior hits you with a +0 scimitar!
You die...

##### #...##
.###.##
#####.######.
...#.........
##.#..#######
.#.#.#########
#..>.........######
####.###........@)#
#.# #.###.####o#
#.# #.# #.# )# #.#
#.# #.# .. #.# #.#
#.# ..# ... ..# #.#
..# ### #.# ..# #.#


You could see an orc warrior.

Vanquished Creatures
  Pikel (D:5)
  Joseph (D:7)
  A troll (D:5)
  Prince Ribbit (D:7)
  Eustachio (D:5)
  2 water moccasins
  3 black bears
  An ogre (D:4)
  3 lemures (D:5)
  A centaur (D:6)
  4 kobold brigands
  4 bullfrogs
  4 scorpions
  6 wights (D:7)
  A howler monkey (D:6)
  2 bombardier beetles (D:4)
  2 gnoll boudas
  Crazy Yiuf (D:3)
  2 orc priests
  2 hounds
  2 sleepcaps
  Terence (D:2)
  4 iguanas
  An orc wizard (D:7)
  Robin (D:2)
  12 gnolls
  5 adders
  A white imp (D:7)
  6 ufetubi (D:6)
  2 ribbon worms
  5 dart slugs
  12 orcs
  4 bats
  5 endoplasms
  4 giant cockroaches
  10 hobgoblins
  2 jackals (D:3)
  24 kobolds
  2 quokkas
  17 ball pythons
  A frilled lizard (D:2)
  13 goblins
  2 rats (D:1)
179 creatures vanquished.

Notes
Turn   | Place    | Note
-------+----------+-------------------------------------------
     0 | D:1      | Autsider the Gargoyle Earth Elementalist began the quest
                  | for the Orb.
     0 | D:1      | Reached XP level 1. HP: 10/10 MP: 3/3
   114 | D:1      | Reached XP level 2. HP: 13/15 MP: 1/5
   854 | D:2      | Reached XP level 3. HP: 19/19 MP: 3/6
   857 | D:2      | Reached skill level 5 in Earth Magic
   861 | D:2      | Learned a level 3 spell: Stone Arrow
   954 | D:2      | Found a faded altar of an unknown god.
  1504 | D:2      | Reached skill level 1 in Armour
  1504 | D:2      | Reached XP level 4. HP: 24/24 MP: 5/7
  1676 | D:2      | Noticed Terence
  1872 | D:3      | Noticed Robin
  1933 | D:2      | Killed Robin
  2339 | D:3      | Found a runed translucent door.
  2340 | D:3      | Noticed Crazy Yiuf
  2645 | D:4      | Found Vur Yba's Armour Shoppe.
  2929 | D:4      | Found a staircase to the Ecumenical Temple.
  2931 | D:4      | Reached XP level 5. HP: 28/28 MP: 6/8
  2935 | D:4      | Noticed an ogre
  2936 | D:4      | Noticed a black bear
  3163 | D:4      | Reached skill level 2 in Armour
  3208 | D:4      | Killed an ogre
  3209 | D:4      | Reached XP level 6. HP: 32/32 MP: 4/9
  3260 | Temple   | Entered the Ecumenical Temple
  3266 | Temple   | Became a worshipper of Vehumet
  3707 | D:4      | Found a hazy altar of Hepliaklqana.
  3830 | D:4      | Killed a black bear
  3831 | D:4      | Reached skill level 3 in Armour
  3855 | D:5      | Entered Level 5 of the Dungeon
  3940 | D:5      | Reached XP level 7. HP: 37/37 MP: 7/10
  3943 | D:5      | Reached skill level 1 in Fighting
  4005 | D:5      | Noticed Eustachio
  4015 | D:5      | Noticed a troll
  4024 | D:5      | Killed a troll
  4025 | D:5      | Reached skill level 4 in Armour
  4639 | D:5      | Noticed Pikel
  4670 | D:5      | Killed Pikel
  4671 | D:5      | Reached skill level 5 in Armour
  4671 | D:5      | Reached XP level 8. HP: 30/48 MP: 0/11
  4829 | D:5      | Reached skill level 6 in Armour
  4906 | D:5      | Reached skill level 5 in Fighting
  5459 | D:2      | Reached * piety under Vehumet
  5459 | D:2      | Offered knowledge of Foxfire by Vehumet.
  5465 | D:2      | Killed Terence
  5604 | D:3      | Killed Crazy Yiuf
  5816 | D:6      | Found a snail-covered altar of Cheibriados.
  6065 | D:6      | Reached skill level 7 in Armour
  6124 | D:6      | Reached XP level 9. HP: 55/55 MP: 12/12
  6180 | D:6      | Found a shimmering blue altar of Sif Muna.
  6473 | D:6      | Reached skill level 8 in Armour
  6712 | D:7      | Noticed Joseph
  6911 | D:7      | Killed Joseph
  6912 | D:7      | Reached skill level 9 in Armour
  7151 | D:7      | Noticed Prince Ribbit
  7159 | D:7      | Killed Prince Ribbit
  7160 | D:7      | Reached skill level 10 in Armour
  7232 | D:7      | Offered knowledge of Mercury Vapours by Vehumet.
  7255 | D:7      | Reached ** piety under Vehumet
  7533 | D:7      | Reached skill level 11 in Armour
  7713 | D:7      | Reached XP level 10. HP: 57/60 MP: 13/13
  8476 | D:5      | Killed Eustachio
  8571 | D:8      | Reached skill level 12 in Armour
  8573 | D:8      | Offered knowledge of Volatile Blastmotes by Vehumet.
  8825 | D:8      | Slain by an orc warrior

Illustrated notes

Levels and vault maps discovered:
D:1:      lemuel_arrival_cross, layout_basic, chequers_serial_rivers_micro_d
D:2:      layout_loops_ring, ebering_ecumenical_altar_abandoned, uniq_terence
D:3:      layout_rooms, uniq_robin, uniq_crazy_yiuf_cottage
D:4:      layout_gridville, lemuel_tele_altar, minmay_temple_entry_large_hall,
          serial_shops, nicolae_shop_tiny_statue_garden
D:5:      layout_basic, st_stairs_8, roderic_lattice_a, uniq_pikel,
          uniq_eustachio
D:6:      layout_basic, kennysheep_slug_shrine, amcnicky_altar_gilded
D:7:      minmay_spotlight, layout_basic, chequers_serial_rivers_large_a,
          minmay_misc_feat_x, chequers_serial_rivers_marsh, uniq_prince_ribbit1,
          uniq_joseph
D:8:      layout_loops_ring, regret_index_kikubaaqudgha_part_by_part,
          minmay_unpleasant_kobolds, uniq_maggie
Temple:   hellmonk_temple_two_chambers

Skill      XL: |  1  2  3  4  5  6  7  8  9 10 |
---------------+-------------------------------+-----
Earth Magic    | 4 5 6 7 8 |  8.0
Armour         | 1 2 3 5 7 11 12 | 12.2
Conjurations   | 2 3 4 |  4.0
Fighting       | 4 5 6 |  6.0
Dodging        | |  1.5
Stealth        | |  2.1
Spellcasting   | |  2.0

Action                     |  1- 3 |  4- 6 |  7- 9 | 10-12 || total
---------------------------+-------+-------+-------+-------++-------
  Melee: Unarmed           |    30 |       |       |       ||    30
         Whip              |       |    15 |     1 |       ||    16
         Hand axe          |       |       |    12 |       ||    12
   Cast: Sandblast         |    58 |    68 |   164 |    37 ||   327
         Stone Arrow       |       |     3 |    21 |     8 ||    32
  Evoke: Wand              |       |       |     1 |       ||     1
    Use: Scroll            |       |     2 |     6 |     1 ||     9
 Armour: Robe              |    25 |       |       |       ||    25
         Leather armour    |     8 |    34 |   155 |    28 ||   225
  Dodge: Dodged            |    39 |    20 |   142 |    19 ||   220

Table legend: (Time is in decaauts)
 A = Elapsed time spent in this place.
 B = Non-inter-level travel time spent in this place.
 C = Inter-level travel time spent in this place.
 D = Time resting spent in this place.
 E = Time spent auto-exploring this place.
 F = Levels seen in this place.
 G = Mean time per level.
                   A        B        C        D        E       F      G
               +--------+--------+--------+--------+--------+-----+--------+
         Total |   9013 |   7939 |   1074 |    514 |   6063 |   9 | 1001.4 |
       Dungeon |   9000 |   7932 |   1068 |    514 |   6063 |   8 | 1125.0 |
        Temple |     12 |      6 |      6 |      0 |      0 |   1 |   12.0 |
               +--------+--------+--------+--------+--------+-----+--------+

Top non-repeatable levels by time:
     D:5: 1974 daAuts
     D:4: 1293 daAuts
     D:7: 1278 daAuts
     D:6: 1128 daAuts
     D:2: 1121 daAuts
     D:3: 1028 daAuts
     D:1: 883 daAuts
     D:8: 291 daAuts
  Temple: 12 daAuts
